 Dungeon Crawl Stone Soup version 0.26-b1-32-g5d43845318 (webtiles) character file.

Game seed: 7257340032210971136

62 raceaflais the Cutter (level 4, -1/26 HPs)
             Began as a Kobold Gladiator on Jan 5, 2021.
             Was an Initiate of Makhleb.
             Slain by a goblin (2 damage)
             ... led by Robin
             ... on level 2 of the Dungeon.
             The game lasted 00:06:06 (1397 turns).

raceaflais the Cutter (Kobold Gladiator)            Turns: 1397, Time: 00:06:07

Health: -1/26      AC: 14    Str: 12    XL:     4   Next: 28%
Magic:  4/4        EV: 15    Int:  5    God:    Makhleb [......]
Gold:   105        SH:  0    Dex: 16    Spells: 3/3 levels left

rFire    . . .     SeeInvis .   o - +0 dagger (protect)
rCold    + . .     Faith    .   (shield restricted)
rNeg     . . .     Spirit   .   j - +0 ring mail {rC+}
rPois    .         Reflect  .   c - +0 helmet
rElec    .         Harm     .   f - +0 cloak
rCorr    .         Rampage  .   (no gloves)
Will     .....                  (no boots)
Stlth    ++........             k - amulet of regeneration
HPRegen  0.48/turn              b - -4 ring of intelligence (curse)
MPRegen  0.09/turn              (no ring)

@: protection aura, flying
A: small, nightstalker 3
a: Renounce Religion


You were on level 2 of the Dungeon.
You worshipped Makhleb.
Makhleb was noncommittal.
You visited 1 branch of the dungeon, and saw 2 of its levels.

You collected 105 gold pieces.

Inventory:

Hand Weapons
 a - a +0 rapier
 o - a +0 dagger of protection (weapon)
Missiles
 d - 4 throwing nets (quivered)
 e - 55 stones
 l - 25 arrows
 q - 29 sling bullets
Armour
 c - a +0 helmet (worn)
 f - a +0 cloak (worn)
 j - a +0 ring mail of cold resistance (worn)
Jewellery
 b - a cursed -4 ring of intelligence (left hand)
 k - an amulet of regeneration (around neck)
Potions
 n - a potion of flight


   Skills:
 + Level 2.3 Fighting
 + Level 4.9 Short Blades
 + Level 2.4 Throwing
 + Level 0.5 Armour
 + Level 4.4 Dodging
 + Level 1.9 Stealth


You had 3 spell levels left.
You didn't know any spells.
Your spell library was empty.

Dungeon Overview and Level Annotations

Branches:
Dungeon (2/15)

Altars:
Makhleb

Annotations:
D:2 Terence


Innate Abilities, Weirdness & Mutations

You are small and have problems with some larger weapons.
You are completely attuned to the shadows.


Message History

You closely miss the hobgoblin. The goblin misses you.
You hit the hobgoblin.
The hobgoblin is severely wounded.
The goblin hits you.
* * * LOW HITPOINT WARNING * * *
The goblin hits you but does no damage. The goblin barely misses you.
The hobgoblin hits you but does no damage.
The hobgoblin closely misses you. The goblin barely misses you. x2
You hit the goblin but do no damage.
The goblin no longer looks unusually strong.
The goblin misses you. The goblin barely misses you.
The goblin completely misses you. The hobgoblin barely misses you.
The hobgoblin hits you but does no damage.
The goblin closely misses you. The goblin hits you but does no damage.
You hit the goblin.
The goblin is heavily wounded.
The goblin no longer looks unusually strong.
The goblin hits you but does no damage. The goblin barely misses you.
The goblin hits you.
You die...

,,,,,,,,^,,,,,......>)...#
**,,,,,,,,,,,,...........#
*****,,,,,,,*,####.......#
* *********,*#.........# *
*,,,,.....#.....#.# *
*,,,,.....#..##.#.##### *
*,,,,.....#...#.#.....# *
*,,,,...ggg...#.#####.# *
*****#'##@g...#...# #.# *
#####..ggg..####.###.#
*******
#.....##.....##......#
**,,,,*
#.....##........######
**,,,,* #.....##..#.....#
**,,,,* #.......#....####
**,,,,* ###.#.#...##.#
**,,,,* #.#.#.####.#******
,,,,,,* #<#...# *,,,,,,,*


You could see 2 hobgoblins and 5 goblins.

Vanquished Creatures
  Robin (D:2)
  An adder (D:2)
  An ooze (D:1)
  2 leopard geckos
  A giant cockroach (D:1)
  11 goblins
  2 hobgoblins (D:1)
  5 jackals
  2 kobolds (D:1)
  A quokka (D:2)
  4 bats (D:1)
  A frilled lizard (D:2)
  A rat (D:1)
33 creatures vanquished.

Notes
Turn   | Place    | Note
-------+----------+-------------------------------------------
     0 | D:1      | raceaflais the Kobold Gladiator began the quest for the
                  | Orb.
     0 | D:1      | Reached XP level 1. HP: 12/12 MP: 1/1
   102 | D:1      | Reached XP level 2. HP: 17/17 MP: 2/2
   360 | D:1      | Reached skill level 1 in Stealth
   446 | D:1      | Reached XP level 3. HP: 21/21 MP: 3/3
   982 | D:2      | Found a burning altar of Makhleb.
  1093 | D:2      | Became a worshipper of Makhleb the Destroyer
  1263 | D:2      | Noticed Terence
  1314 | D:2      | Reached XP level 4. HP: 22/26 MP: 4/4
  1358 | D:2      | Noticed Robin
  1392 | D:2      | Killed Robin
  1395 | D:2      | HP: 1/26 [goblin[Robin] (2)]
  1397 | D:2      | Slain by a goblin

Illustrated notes

Levels and vault maps discovered:
D:1:      minmay_arrival_stone_box, layout_basic
D:2:      layout_basic, lemuel_coloured_pillars_altar, lemuel_doored_altar,
          uniq_terence, uniq_robin

Skill      XL: |  1  2 |
---------------+-------+-----
Dodging        | 4 |  4.4
Stealth        | 1 |  1.9
Fighting       | |  2.3
Short Blades   | |  4.9
Throwing       | |  2.4
Armour         | |  0.5

Action                   |  1- 3 |  4- 6 || total
-------------------------+-------+-------++-------
Melee: Rapier            |    39 |       ||    39
       Dagger            |    70 |    23 ||    93
  Use: Scroll            |     6 |       ||     6
       Potion            |       |     6 ||     6
 Stab: Sleeping          |     7 |       ||     7
Armor: Leather armour    |    11 |       ||    11
       Ring mail         |    19 |    33 ||    52
       Skin              |       |    10 ||    10
Dodge: Dodged            |    88 |    51 ||   139
